 Dungeon Crawl Stone Soup version 0.29-a0-317-gd16b76e6b1 (webtiles) character file.

Game seed: 14441152105988381323

135 Dabor the Chiller (level 5, -7/35 HPs)
             Began as a Merfolk Ice Elementalist on Apr 1, 2022.
             Was a Priest of Jiyva.
             Shot with an arrow by a centaur (16 damage)
             ... on level 4 of the Dungeon.
             The game lasted 00:03:56 (2826 turns).

Dabor the Chiller (Merfolk Ice Elementalist)        Turns: 2826, Time: 00:03:57

Health: -7/35      AC:  2    Str: 15    XL:     5   Next: 18%
Magic:  5/9        EV: 13    Int: 16    God:    Jiyva [***...]
Gold:   82         SH:  0    Dex: 14    Spells: 5/9 levels left

rFire   + . .      SeeInvis .   d - +1 short sword
rCold   . . .      Faith    .   (no shield)
rNeg    . . .      Spirit   .   a - +0 robe
rPois   .          Reflect  .   (no helmet)
rElec   .          Harm     .   (no cloak)
rCorr   +          Rampage  .   (no gloves)
Will    +++..                   (no boots)
Stlth   +++.......              (no amulet)
HPRegen 1.23/turn               e - ring "Doumytiv" {Drain Fly rF+ Str+6}
MPRegen 0.46/turn               (no ring)

@: calling ooze, flying
A: (nimble swimmer 2), mertail, strong-willed 3, MP-powered wands
a: Renounce Religion, Oozemancy


You were on level 4 of the Dungeon.
You worshipped Jiyva.
Jiyva was most pleased with you.
You visited 1 branch of the dungeon, and saw 4 of its levels.

You collected 82 gold pieces.

Inventory:

Hand Weapons
 d - a +1 short sword (weapon)
Missiles
 c - 7 poisoned darts
Armour
 a - a +0 robe (worn)
Jewellery
 e - the ring "Doumytiv" (left hand) {Drain Fly rF+ Str+6}
   (You acquired it on level 4 of the Dungeon)

   [ring of protection from fire]

   Str:       It affects your strength (+6).
   rF:        It protects you from fire.
   Fly:       It grants you flight.
   Drain:     It drains your maximum health when unequipped.
Scrolls
 f - a scroll of teleportation {unknown}
 g - a scroll of enchant armour {unknown}
 h - a scroll of noise {unknown}
 i - a scroll of enchant weapon
Potions
 b - a potion of magic
 j - 2 potions of curing {unknown}


   Skills:
 - Level 3.0 Dodging
 * Level 4.4 Stealth
 + Level 2.9 Spellcasting
 + Level 5.1 Ice Magic


You had 5 spell levels left.
You knew the following spells:

 Your Spells              Type           Power      Damage    Failure   Level
a - Freeze                Ice            72%        1d9       2%          1
b - Frozen Ramparts       Ice            36%        1d5       7%          3

Your spell library contained the following spells:

 Spells                   Type           Power      Damage    Failure   Level
 Ozocubu's Armour         Ice            18%        N/A       7%          3
 Inner Flame              Hex/Fire       2%         N/A       50%         3
 Portal Projectile        Hex/Tloc       4%         N/A       50%         3
 Hailstorm                Conj/Ice       10%        3d5       54%         4
 Cause Fear               Hex            1%         N/A       88%         4
 Blade Hands              Tmut           1%         N/A       99%         5
 Excruciating Wounds      Necr           1%         N/A       99%         5
 Discord                  Hex            1%         N/A       100%        8


Dungeon Overview and Level Annotations

Branches:
Dungeon (4/15)
 Temple: D:4-7

Altars:
Trog
The Shining One
Jiyva


Innate Abilities, Weirdness & Mutations

((You are very nimble when in or above water. (Stealth+, EV+, Speed+++)))
Your lower body shifts to a powerful aquatic tail in water.
You are extremely strong-willed. (Will+++)
You expend magic power (3 MP) to strengthen your wands.


Message History

You hear a distant slurping noise.
There is a stone staircase leading down here.
A goblin comes into view. It is wielding a +0 dagger.
Found a stone staircase leading up.
The goblin unwields a +0 dagger.
The goblin wields a +0 hunting sling.
The goblin shoots a sling bullet.
The sling bullet barely misses you.
There is a stone staircase leading down here.
The centaur shouts!
You hear a distant slurping noise.
The goblin shoots a sling bullet.
The sling bullet misses you.
The centaur wields a +0 shortbow.
The centaur shoots an arrow.
The arrow misses you.
You hear a distant slurping noise.
You hear a shout!
There is a stone staircase leading up here.
A hobgoblin comes into view.
You hear a distant slurping noise.
The centaur shoots an arrow.
The arrow hits you!
The centaur shoots an arrow.
The arrow closely misses you.
You hear a distant slurping noise.
Casting: Freeze (safe; 2% risk of failure)
Confirm with . or Enter, or press ? or * to list all spells.
Casting: Frozen Ramparts (dangerous; 7% risk of failure)
Press: ? - help, Dir - look around, f - activate The walls around you are covered in ice.
The wall freezes the hobgoblin.
You hit the hobgoblin.
The hobgoblin is severely wounded.
The wall freezes the centaur but does no damage.
The wall freezes the hobgoblin.
You kill the hobgoblin!
The wall freezes the centaur but does no damage.
The centaur shoots an arrow.
The arrow hits you!
The wall freezes the centaur.
The centaur shoots an arrow.
The arrow hits you.
Activating: Oozemancy (22% risk of failure)
Press: ? - help, Dir - look around, f - activate Slime begins to ooze from the nearby walls!
The frozen ramparts melt away.
The walls burn the centaur!
The centaur shoots an arrow.
The arrow hits you!
* * * LOW HITPOINT WARNING * * *
The walls burn the centaur!
The centaur shoots an arrow.
The arrow hits you!
You die...

... .... .....
###### ..$...####
#....#
.....gc..####....#
..<...##.>.<#....#
..... ####.gc...#
.... ###†...# ...
#@...# .. #....# .
#.#### ..# .## ..
.. ##.


You could see a centaur and a goblin.

Vanquished Creatures
  2 orc priests (D:3)
  Natasha (D:2)
  An adder (D:3)
  A worm (D:2)
  A dart slug (D:3)
  3 orcs (D:3)
  5 bats
  2 endoplasms (D:1)
  A giant cockroach (D:3)
  4 goblins
  3 hobgoblins
  5 kobolds
  A quokka (D:2)
  4 ball pythons
  3 frilled lizards
  A rat (D:1)
38 creatures vanquished.

Vanquished Creatures (others)
  Natasha (twice) (D:2)
  An orc (D:3)
  A goblin (D:2)
  2 quokkas (D:2)
  A bat (D:3)
  2 frilled lizards
  2 rats
11 creatures vanquished.

Grand Total: 49 creatures vanquished

Notes
Turn   | Place    | Note
-------+----------+-------------------------------------------
     0 | D:1      | Dabor the Merfolk Ice Elementalist began the quest for the
                  | Orb.
     0 | D:1      | Reached XP level 1. HP: 13/13 MP: 3/3
   429 | D:1      | Reached XP level 2. HP: 19/19 MP: 3/5
   952 | D:1      | Found a faded altar of an unknown god.
   967 | D:1      | Prayed at the altar of an unknown god.
   967 | D:1      | Became a worshipper of Jiyva Jeisuego the Shapeless
   967 | D:1      | Reached * piety under Jiyva
  1270 | D:2      | Killed Natasha
  1303 | D:2      | Noticed Natasha
  1309 | D:2      | Killed Natasha
  1310 | D:2      | Reached XP level 3. HP: 20/24 MP: 2/6
  1361 | D:2      | Killed Natasha
  1363 | D:2      | Found a glowing golden altar of the Shining One.
  1413 | D:2      | Reached ** piety under Jiyva
  1965 | D:2      | Learned a level 3 spell: Frozen Ramparts
  1975 | D:3      | Reached XP level 4. HP: 30/30 MP: 4/8
  1981 | D:3      | Reached skill level 5 in Ice Magic
  1984 | D:3      | Reached XP level 5. HP: 26/35 MP: 4/9
  2154 | D:3      | Found a bloodstained altar of Trog.
  2458 | D:3      | Reached *** piety under Jiyva
  2561 | D:3      | Gained mutation: You are strong-willed. (Will+) [Jiyva's
                  | grace]
  2561 | D:3      | Gained mutation: You are highly strong-willed. (Will++)
                  | [Jiyva's grace]
  2561 | D:3      | Gained mutation: You are extremely strong-willed. (Will+++)
                  | [Jiyva's grace]
  2561 | D:3      | Gained mutation: You expend magic power (3 MP) to
                  | strengthen your wands. [Jiyva's grace]
  2808 | D:4      | Identified a scroll of acquirement
  2808 | D:4      | Acquired the ring "Doumytiv" {Drain Fly rF+ Str+6}
  2810 | D:4      | Noticed a centaur
  2826 | D:4      | Shot with an arrow by a centaur

Illustrated notes

Levels and vault maps discovered:
D:1:      elethiomel_arrival_maze, layout_loops_corners,
          shapermc_ecumenical_altar_notcrosses
D:2:      layout_loops_ring, basic_altar, uniq_natasha
D:3:      layout_loops_corners, trog_book
D:4:      layout_rooms, tso_oasis_becter, gup_sewer_entry_spiral,
          lexackson_kobold_supper

Skill      XL: |  1  2  3  4 |
---------------+-------------+-----
Dodging        | 3 |  3.0
Stealth        | 3 4 |  4.4
Ice Magic      | 5 |  5.1
Spellcasting   | |  2.9

Action                   |  1- 3 |  4- 6 || total
-------------------------+-------+-------++-------
Melee: Unarmed           |     7 |       ||     7
       Short sword       |     7 |    15 ||    22
 Cast: Freeze            |    44 |     4 ||    48
       Frozen Ramparts   |     1 |     2 ||     3
Invok: Oozemancy         |       |     1 ||     1
  Use: Scroll            |       |     2 ||     2
 Stab: Sleeping          |     3 |     2 ||     5
Armor: Robe              |     9 |     3 ||    12
Dodge: Dodged            |    31 |    15 ||    46

Table legend: (Time is in decaauts)
 A = Elapsed time spent in this place.
 B = Non-inter-level travel time spent in this place.
 C = Inter-level travel time spent in this place.
 D = Time resting spent in this place.
 E = Time spent auto-exploring this place.
 F = Levels seen in this place.
 G = Mean time per level.
                   A        B        C        D        E       F      G
               +--------+--------+--------+--------+--------+-----+--------+
         Total |   2827 |   2703 |    124 |      0 |   2372 |   4 |  706.8 |
       Dungeon |   2827 |   2703 |    124 |      0 |   2372 |   4 |  706.8 |
               +--------+--------+--------+--------+--------+-----+--------+

Top non-repeatable levels by time:
     D:1: 1170 daAuts
     D:3: 870 daAuts
     D:2: 767 daAuts
     D:4: 19 daAuts
